 Dungeon Crawl Stone Soup version 0.16.1-30-g34a7ffa (webtiles) character file.

14588 Jb9000 the Covert (level 12, -11/108 HPs)
             Began as a Gargoyle Fighter on June 24, 2015.
             Was an Initiate of Gozag.
             Killed from afar by an ogre mage (31 damage)
             ... with a crystal spear
             ... on level 4 of the Orcish Mines.
             The game lasted 01:34:04 (11934 turns).

Jb9000 the Covert (Gargoyle Fighter)               Turns: 11934, Time: 01:34:05

Health: -11/108    AC: 29    Str: 26    XL:     12   Next: 18%
Magic:  21/21      EV:  2    Int: 10    God:    Gozag
Gold:   1231       SH: 12    Dex: 19    Spells: 0 memorised, 11 levels left

rFire  . . .     SeeInvis .     r - +10 hand axe "Cuakh" {flame, *Rage +Fly MP+9 Dex+2}
rCold  . . .     Rnd*Rage +     m - melded +2 scale mail {MR+}
rNeg   + + +     SustAb   .     c - +0 shield
rPois  ∞         Gourm    .     (helmet currently unavailable)
rElec  .         Spirit   .     (cloak currently unavailable)
rCorr  .         Warding  .     f - melded +0 pair of gloves
rMut   .         NoTele   +     D - melded +0 pair of boots
MR     .....                    y - amulet of regeneration
Stlth  ++++++++..               L - +5 ring of strength
                                P - +3 ring of protection

@: agile, exhausted, tree-form, slowed, very slow, not resistant to hostile
enchantments, extraordinarily stealthy
A: negative energy resistance 1, (electricity resistance), (unbreathing),
petrification resistance, rot immunity, AC +8
a: Potion Petition, Call Merchant, Bribe Branch, Renounce Religion


You were on level 4 of the Orcish Mines.
You worshipped Gozag.
Gozag was noncommittal.
You were not hungry.
You were a tree.
You visited 2 branches of the dungeon, and saw 13 of its levels.
You also visited: Bailey.

You collected 4355 gold pieces.
You spent 1278 gold pieces at shops.
You paid 1846 gold pieces to Gozag.

Inventory:

Hand weapons
 a - the +7 morningstar of a wizard's laboratory {flame, rPois rF- rC- MP+9 SInv}
   (You bought it in a shop on level 9 of the Dungeon)

   It has been specially enchanted to burn those struck by it, causing extra
   injury to most foes and up to half again as much damage against particularly
   susceptible opponents.
   It makes you vulnerable to fire.
   It makes you vulnerable to cold.
   It protects you from poison.
   It affects your magic capacity (+9).
   It enhances your eyesight.
 e - the +7 mace "Fovofaes" {freeze, MR+ MP+9}
   (You bought it in a shop on level 9 of the Dungeon)

   It has been specially enchanted to freeze those struck by it, causing extra
   injury to most foes and up to half again as much damage against particularly
   susceptible opponents.
   It can also slow down cold-blooded creatures.
   It affects your resistance to hostile enchantments.
   It affects your magic capacity (+9).
 h - a +3 hand axe of distortion
 o - a +3 war axe
 p - a cursed -3 flail
 q - the +10 hunting sling of Feusauw {freeze, rElec rC+ rN+ MR+ Stlth+}
   (You bought it in a shop on level 9 of the Dungeon)

   It causes projectiles fired from it to freeze those they strike, causing
   extra injury to most foes and up to half again as much damage against
   particularly susceptible opponents.
   They can also slow down cold-blooded creatures.
   It protects you from cold.
   It insulates you from electricity.
   It protects you from negative energy.
   It affects your resistance to hostile enchantments.
   It makes you more stealthy.
 r - the +10 hand axe "Cuakh" (weapon) {flame, *Rage +Fly MP+9 Dex+2}
   (You bought it in a shop on level 9 of the Dungeon)

   It has been specially enchanted to burn those struck by it, causing extra
   injury to most foes and up to half again as much damage against particularly
   susceptible opponents.
   Big, fiery blades are also staple armaments of hydra-hunters.
   It affects your dexterity (+2).
   It affects your magic capacity (+9).
   It lets you fly.
   It may make you go berserk in combat.
 z - a +5 blowgun of evasion
 A - a +0 short sword of distortion
 I - a +0 hand axe of chopping
 U - a +2 great sword
Missiles
 n - 13 tomahawks of returning (quivered)
 S - 2 sling bullets
Armour
 c - a +0 shield (worn)
 f - a +0 pair of gloves (melded)
 k - a cursed -1 robe
 l - a +0 cloak
 m - a +2 scale mail of magic resistance (melded)
 t - a +3 plate armour of poison resistance
 C - a +2 ring mail of poison resistance
 D - a +0 pair of boots (melded)
 G - a +1 robe of resistance
 H - the +1 leather armour of Skon {rC+ Str+4 Int-2}
   (You bought it in a shop on level 8 of the Dungeon)

   It affects your strength (+4).
   It affects your intelligence (-2).
   It protects you from cold.
 M - a +2 robe of positive energy
Jewellery
 u - an uncursed ring of positive energy
 y - an amulet of regeneration (around neck)
 F - an uncursed amulet of resist mutation
 J - the ring of Yhuo {+Fly rC+ Str+3, unknown}
   (You found it on level 9 of the Dungeon)

   [ring of protection from cold]

   It affects your strength (+3).
   It protects you from cold.
   It lets you fly.
 L - a +5 ring of strength (right branch)
 P - a +3 ring of protection (left branch)
 R - an uncursed ring of wizardry
Magical devices
 K - a wand of draining (7)
Scrolls
 i - a scroll of fog
 s - 2 scrolls of recharging
 v - a scroll of amnesia
Potions
 b - a potion of restore abilities
 j - a potion of degeneration
 E - 2 potions of brilliance
Miscellaneous
 B - a plain deck of defence {drawn: 2}
Comestibles
 d - 4 bread rations


   Skills:
 + Level 7.6 Fighting
 * Level 7.8(8.0) Short Blades
 - Level 2.6(5.6) Long Blades
 * Level 3.4(4.2) Axes
 * Level 4.1(4.8) Maces & Flails
 + Level 2.5(4.2) Slings
 + Level 5.8(6.1) Throwing
 + Level 7.5 Armour
 + Level 4.6 Dodging
 + Level 10.2 Stealth
 + Level 7.4 Shields


You had 11 spell levels left.
You didn't know any spells.

Dungeon Overview and Level Annotations

Branches:
Dungeon (9/15)             Temple (0/1) D:7            Lair (0/8) D:8
    Orc (4/4) D:9
    Elf: Orc:3-4

Altars:
Ashenzari
Cheibriados
Elyvilon
Gozag
Makhleb
Ru
Sif Muna
Xom
Zin
The Shining One
Beogh

Shops:
D:7 :   D:8 [   D:9 (   D:10 !

Annotations:
D:4 Scuka's ghost, average GrFi


Innate Abilities, Weirdness & Mutations

You are resistant to torment.
You are immune to poison.
((Your stone body is very resilient (AC +8).))
You resist negative energy.
((You are resistant to electric shocks.))
((You can survive without breathing.))
You are immune to petrification.
You are immune to rotting.


Message History

Reactivating autopickup.
You block the orc's attack. You block the ogre mage's attack.
The ogre mage gestures wildly while chanting.
The ogre mage is healed somewhat.
The orc wizard barely misses you. The orc closely misses you.
An orc comes into view.
It is wielding a hand axe of electrocution.
Drink which item? (? for menu, Esc to quit)
Okay, then.
Drink which item? (? for menu, Esc to quit)
You turn into a tree.
Your +0 pair of gloves melds into your body.
Your +0 pair of boots melds into your body.
Your +2 scale mail of magic resistance melds into your body.
You feel less resistant to hostile enchantments.
Your roots penetrate the ground.
The ogre mage hits you but does no damage.
The ogre mage gestures at you while chanting.
Helpless, you fail to dodge the crystal spear.
You die...
Your body crumbles into a pile of gold.

.........).............).........
#.#.#(.....##.....##.............
##.#(#......##................#.#
#....)......##...).).........####
...#.....#..##......##.#.....#
#.##............##.##o###......
...##...[)[..)....[....###...#.
..######[<#.(.).§§....## ##....
.### ##)[.....♣O§.§## ##. ...#
#....$#§§o§§§..# ....#
##...#§.Oo§##.## # ##.##
#.(..§.§$§§### #.. #...#
##(#..#.#$## #.... .....
.(.......$$###..... ....
............#.....o ###
.########$.o..g.... # .
...####......#..


You could see 2 ogre magi, an orc wizard and 2 orcs.

Vanquished Creatures
  An orc warlord (Orc:3)
  The ghost of Jb9000 the Thrower, a powerful CeFi of Elyvilon (Orc:4)
  An orc knight (Orc:4)
  An ugly thing (D:9)
  A cyclops (Orc:4)
  2 orc sorcerers (Orc:4)
  The ghost of Scuka the Basher, an experienced GrFi (D:6)
  A fire drake (D:8)
  2 trolls (Orc:4)
  8 two-headed ogres
  Sonja (Orc:2)
  Grinder (D:3)
  2 wyverns
  Grum (D:7)
  A hungry ghost (D:7)
  A hippogriff (D:9)
  2 steam dragons (D:7)
  A warg (D:8)
  Edmund (D:6)
  3 wolves
  17 orc warriors
  21 ogres
  A sky beast (D:5)
  A black bear (D:9)
  A crocodile (D:7)
  4 centaurs
  2 giant frogs
  Blork the orc (D:7)
  A wyvern zombie (D:6)
  A water moccasin zombie (D:7)
  2 scorpions
  7 wights
  2 crimson imps (D:7)
  4 hounds
  A quasit (D:7)
  A giant frog skeleton (D:5)
  A goliath beetle (D:6)
  2 jellies
  13 orc priests
  A centaur skeleton (D:7)
  13 orc wizards
  Natasha (thrice) (D:5)
  6 worker ants
  A sky beast zombie (D:5)
  2 hound zombies
  9 adders
  A gnoll (Bailey)
  A giant mite (D:7)
  2 shadow imps
  2 worms
  2 adder zombies (D:6)
  3 adder skeletons
  A giant gecko (D:6)
  96 orcs
  16 bats
  2 bat skeletons
  A bat zombie (D:5)
  3 giant cockroaches
  30 goblins
  23 hobgoblins
  3 jackals
  A quokka (D:2)
  2 ball pythons
  A giant gecko skeleton (D:8)
  4 giant newts
  29 kobolds
  A quokka skeleton (D:5)
  15 rats
  10 ballistomycetes (D:6)
  A fungus (D:7)
401 creatures vanquished.

Vanquished Creatures (others)
  An orc (Orc:4)
  2 giant spores (D:6)
3 creatures vanquished.

Grand Total: 404 creatures vanquished

Notes
Turn   | Place    | Note
--------------------------------------------------------------
     0 | D:1      | Jb9000, the Gargoyle Fighter, began the quest for the Orb.
     0 | D:1      | Reached XP level 1. HP: 14/14 MP: 1/1
   206 | D:1      | Reached skill level 1 in Stealth
   209 | D:1      | Reached XP level 2. HP: 19/19 MP: 2/2
   749 | D:2      | Reached XP level 3. HP: 15/23 MP: 3/3
  1206 | D:2      | Reached XP level 4. HP: 24/28 MP: 4/4
  1828 | D:3      | Reached XP level 5. HP: 25/33 MP: 5/5
  1932 | D:3      | Noticed Grinder
  1950 | D:3      | Paralysed by Grinder for 5 turns
  1967 | D:3      | Paralysed by Grinder for 6 turns
  1979 | D:3      | Paralysed by Grinder for 5 turns
  1988 | D:3      | Killed Grinder
  1988 | D:3      | Reached skill level 4 in Fighting
  1988 | D:3      | Reached skill level 1 in Short Blades
  1988 | D:3      | Reached skill level 1 in Throwing
  1988 | D:3      | Reached skill level 1 in Dodging
  1988 | D:3      | Reached XP level 6. HP: 19/38 MP: 6/6
  2280 | D:3      | Found a deep blue altar of Sif Muna.
  2889 | D:4      | Noticed Scuka's ghost (average GrFi)
  2925 | D:5      | Entered Level 5 of the Dungeon
  3200 | D:5      | Reached XP level 7. HP: 39/43 MP: 7/7
  3330 | D:5      | Noticed Natasha
  3339 | D:5      | Killed Natasha
  3683 | D:5      | Found a shimmering altar of Xom.
  3683 | D:5      | Found a glowing golden altar of the Shining One.
  3898 | D:5      | Reached XP level 8. HP: 48/48 MP: 8/8
  3925 | D:5      | Reached skill level 5 in Stealth
  3976 | D:5      | Noticed Natasha
  3984 | D:5      | Killed Natasha
  4111 | D:5      | Noticed Natasha
  4116 | D:5      | Killed Natasha
  4299 | D:5      | Found a snail-covered altar of Cheibriados.
  4413 | D:6      | Noticed Scuka's ghost (experienced GrFi)
  4442 | D:6      | Noticed Edmund
  4465 | D:6      | Killed Edmund
  5060 | D:6      | Killed Scuka's ghost
  5060 | D:6      | Reached skill level 5 in Fighting
  5060 | D:6      | Reached skill level 5 in Armour
  5060 | D:6      | Reached skill level 5 in Shields
  5094 | D:6      | Reached skill level 6 in Stealth
  5301 | D:6      | Reached XP level 9. HP: 54/54 MP: 9/9
  5512 | D:6      | Found a shattered altar of Ashenzari.
  5784 | D:6      | Found an opulent altar of Gozag.
  5793 | D:6      | Became a worshipper of Gozag Ym Sagoz the Greedy
  6669 | D:7      | Found a staircase to the Ecumenical Temple.
  7049 | D:7      | Found Cagucino's Book Shoppe.
  7200 | D:7      | Reached skill level 7 in Stealth
  7602 | D:8      | Noticed Blork the orc
  7606 | D:8      | Noticed Grum
  7674 | D:7      | Reached skill level 5 in Short Blades
  7682 | D:7      | Killed Grum
  7897 | D:7      | Killed Blork the orc
  7897 | D:7      | Reached skill level 8 in Stealth
  7897 | D:7      | Reached XP level 10. HP: 29/60 MP: 10/10
  8060 | D:8      | Found a flagged portal.
  8081 | Bailey   | Entered a bailey
  8644 | D:8      | Found a snail-covered altar of Cheibriados.
  8644 | D:8      | Found a sacrificial altar of Ru.
  8646 | D:8      | Found a white marble altar of Elyvilon.
  8647 | D:8      | Found a burning altar of Makhleb.
  8656 | D:8      | Found a glowing silver altar of Zin.
  8837 | D:8      | Found a staircase to the Lair.
  8838 | D:8      | Noticed a fire drake
  8859 | D:8      | Killed a fire drake
  8999 | D:8      | Found Lujeheb's Armour Shop.
  9022 | D:8      | Bought the +1 leather armour of Skon {rC+ Str+4 Int-2} for 302 gold pieces
  9261 | D:9      | Reached skill level 9 in Stealth
  9367 | D:9      | Got a flickering ivory ring
  9397 | D:9      | Noticed a green ugly thing
  9440 | D:9      | Killed a green ugly thing
  9440 | D:9      | Reached skill level 5 in Throwing
  9618 | D:9      | Found a staircase to the Orcish Mines.
  9705 | D:9      | Found Clug's Antique Weapon Shop.
  9714 | D:9      | Bought a warped morningstar for 279 gold pieces
  9714 | D:9      | Identified the +7 morningstar of a wizard's laboratory {flame, rPois rF- rC- MP+9 SInv} (You bought it in a shop on level 9 of the Dungeon)
  9719 | D:9      | Bought a bloodstained mace for 248 gold pieces
  9719 | D:9      | Bought a faintly glowing hunting sling for 201 gold pieces
  9720 | D:9      | Identified the +7 mace "Fovofaes" {freeze, MR+ MP+9} (You bought it in a shop on level 9 of the Dungeon)
  9721 | D:9      | Identified the +10 hunting sling of Feusauw {freeze, rElec rC+ rN+ MR+ Stlth+} (You bought it in a shop on level 9 of the Dungeon)
  9723 | D:9      | Bought a brightly glowing hand axe for 248 gold pieces
  9724 | D:9      | Identified the +10 hand axe "Cuakh" {flame, *Rage +Fly MP+9 Dex+2} (You bought it in a shop on level 9 of the Dungeon)
  9816 | D:9      | Reached XP level 11. HP: 66/66 MP: 11/11
 10029 | Orc:1    | Entered Level 1 of the Orcish Mines
 10222 | Orc:1    | Found a roughly hewn altar of Beogh.
 10585 | Orc:2    | Noticed Sonja
 10589 | Orc:2    | Killed Sonja
 10589 | Orc:2    | Reached skill level 1 in Axes
 10589 | Orc:2    | Reached skill level 1 in Maces & Flails
 11004 | Orc:4    | Entered Level 4 of the Orcish Mines
 11004 | Orc:4    | Noticed an orc warlord
 11025 | Orc:3    | Killed an orc warlord
 11025 | Orc:3    | Reached skill level 1 in Slings
 11050 | Orc:4    | Noticed Jb9000's ghost (powerful CeFi)
 11143 | Orc:4    | Killed Jb9000's ghost
 11278 | Orc:4    | Noticed an orc knight
 11292 | Orc:4    | Reached skill level 10 in Stealth
 11297 | Orc:4    | Killed an orc knight
 11430 | Orc:4    | Noticed an ogre mage
 11430 | Orc:4    | Noticed an ogre mage
 11725 | Orc:4    | Reached XP level 12. HP: 72/72 MP: 11/12
 11888 | Orc:4    | Noticed an ogre mage
 11934 | Orc:4    | Killed from afar by an ogre mage

Action                   |  1- 3 |  4- 6 |  7- 9 | 10-12 || total
-------------------------+-------+-------+-------+-------++-------
Melee: Long sword        |   100 |    75 |       |       ||   175
       Short sword       |       |    72 |   852 |   342 ||  1266
       Hand axe          |       |       |       |   127 ||   127
       Mace              |       |       |       |    49 ||    49
       Morningstar       |       |       |       |     2 ||     2
 Fire: Blowgun           |       |     3 |    93 |    55 ||   151
       Hunting sling     |       |       |       |    88 ||    88
Throw: Javelin           |    26 |    17 |     3 |     3 ||    49
       Tomahawk          |       |       |     3 |   163 ||   166
Invok: Potion Petition   |       |       |     1 |     1 ||     2
       Call Merchant     |       |       |       |     2 ||     2
Evoke: Deck              |       |       |       |     2 ||     2
  Use: Scroll            |     2 |     5 |     7 |     8 ||    22
       Potion            |       |     4 |    12 |     6 ||    22
 Stab: Sleeping          |       |       |     8 |    10 ||    18
       Distracted        |       |       |       |     4 ||     4
  Eat: Chunk             |     1 |     6 |     2 |       ||     9
       Royal jelly       |       |     2 |       |       ||     2
       Fruit             |       |       |     5 |     6 ||    11
       Meat ration       |       |       |     3 |       ||     3
       Beef jerky        |       |       |     2 |     1 ||     3
       Pizza             |       |       |       |     1 ||     1
       Bread ration      |       |       |       |     2 ||     2
